 Dungeon Crawl Stone Soup version 0.29-a0-334-gb41bcbb86e (webtiles) character file.

Game seed: 8559906944456785857

812 bande the Chopper (level 7, -1/44 HPs)
             Began as a Gargoyle Fighter on Apr 16, 2022.
             Killed by divine providence
             ... invoked by an orc priest
              (15 damage)
             ... on level 5 of the Dungeon.
             The game lasted 00:07:21 (3714 turns).

bande the Chopper (Gargoyle Fighter)                Turns: 3714, Time: 00:07:22

Health: -1/44      AC: 19    Str: 19    XL:     7   Next: 93%
Magic:  7/7        EV:  9    Int:  7    God:
Gold:   282        SH:  5    Dex: 11    Spells: 6/6 levels left

rFire   . . .      SeeInvis .   a - +0 war axe
rCold   . . .      Faith    .   c - +0 buckler
rNeg    + . .      Spirit   .   b - +0 scale mail
rPois   ∞          Reflect  .   d - +2 helmet
rElec   +          Harm     .   l - +2 cloak
rCorr   .          Rampage  .   (no gloves)
Will    .....                   p - +0 pair of boots
Stlth   ..........              (no amulet)
HPRegen 0.14/turn               (no ring)
MPRegen 0.10/turn               (no ring)

@: no status effects
A: sickness immunity, AC +4, negative energy resistance 1, electricity
resistance, torment resistance 1, petrification resistance, dopey 1, sense
surroundings 1
a: no special abilities


You were on level 5 of the Dungeon.
You visited 1 branch of the dungeon, and saw 5 of its levels.

You collected 282 gold pieces.

Inventory:

Hand Weapons
 a - a +0 war axe (weapon)
 s - a +2 vorpal flail
Armour
 b - a +0 scale mail (worn)
 c - a +0 buckler (worn)
 d - a +2 helmet (worn)
 l - a +2 cloak (worn)
 p - a +0 pair of boots (worn)
Jewellery
 f - a ring of ice
Wands
 m - a wand of flame (7)
 n - a wand of iceblast (6)
Scrolls
 h - a scroll of fog
 j - a scroll of fear
 q - a scroll of teleportation
Potions
 e - 5 potions of curing
 g - a potion of invisibility
 i - a potion of magic {unknown}
 k - 2 potions of mutation
 r - a potion of might
 t - a potion of ambrosia {unknown}
 u - a potion of flight {unknown}


   Skills:
 + Level 4.8 Fighting
 + Level 5.5 Axes
 + Level 5.2 Armour
 + Level 4.4 Shields
 * Level 2.2 Evocations


You had 6 spell levels left.
You didn't know any spells.
Your spell library contained the following spells:

 Spells                   Type           Power      Damage    Failure   Level
 Corpse Rot               Necr/Air       0%         N/A       95%         2
 Poisonous Vapours        Pois/Air       0%         N/A       95%         2
 Dazzling Flash           Conj/Hex       0%         N/A       99%         3
 Agony                    Necr           0%         N/A       100%        5
 Silence                  Hex/Air        0%         N/A       100%        5


Dungeon Overview and Level Annotations

Branches:
Dungeon (5/15)
 Temple: D:4-7

Altars:
Dithmenos

Portals:
Ossuary: D:5


Innate Abilities, Weirdness & Mutations

You are immune to sickness and miasma.
Your stone body is resilient. (AC +4)
You are immune to poison.
You resist negative energy. (rN+)
You are resistant to electric shocks. (rElec)
You are resistant to unholy torment.
You are immune to petrification.
You are dopey. (Int -2)
You passively map a small area around you.


Message History

You are too injured to fight recklessly!
You are too injured to fight recklessly!
You are too injured to fight recklessly!
You are too injured to fight recklessly!
You are too injured to fight recklessly!
Unknown command.
You block the orc's attack.
The orc priest invokes the aid of Beogh against you.
You struggle to resist.
You barely miss the orc priest. You closely miss the orc. You hit the orc.
The orc barely misses you. The orc closely misses you.
The orc priest barely misses you.
The orc wizard hits you but does no damage.
The orc priest hits you but does no damage.
The orc hits you but does no damage. You block the orc's attack.
Unknown command.
You hit the orc priest.
The orc priest is lightly wounded.
You slash the orc!
You kill the orc!
You hit the orc wizard. You completely miss the orc.
You block the orc priest's attack.
The orc wizard hits you but does no damage.
You block the orc's attack.
You slash the orc priest!
The orc priest is severely wounded.
You closely miss the orc wizard. You hit the orc.
You kill the orc!
The orc priest calls down the wrath of Beogh upon you.
Beogh smites you!
* * * LOW HITPOINT WARNING * * *
The orc wizard hits you but does no damage.
You closely miss the orc priest.
The orc priest is severely wounded.
You completely miss the orc wizard. You block the orc priest's attack.
You block the orc wizard's attack.
The orc wizard hits you but does no damage.
The orc priest calls down the wrath of Beogh upon you.
Beogh smites you!
You die...

#..##########
#######...........
,
,................>
*
.............###*
..............# *
*...........$..#
..............#
#.............#
#.....o@......#
##....)o).....#
##...........#
#...........#
##.........## *
...##......# *
.### #######.# ##


You could see an orc priest and an orc wizard.

Vanquished Creatures
  Sigmund (D:3)
  Edmund (D:4)
  2 black bears
  A phantom (D:4)
  3 hounds
  2 jellies (D:5)
  Robin (D:3)
  4 adders
  A white imp (D:4)
  A worm (D:4)
  2 dart slugs (D:2)
  6 orcs
  5 endoplasms
  A giant cockroach (D:4)
  8 goblins (D:3)
  16 hobgoblins
  2 jackals (D:4)
  4 quokkas
  6 ball pythons
  2 bats
  2 frilled lizards (D:2)
  A gnoll zombie (D:5)
  5 kobolds
  7 rats
84 creatures vanquished.

Notes
Turn   | Place    | Note
-------+----------+-------------------------------------------
     0 | D:1      | bande the Gargoyle Fighter began the quest for the Orb.
     0 | D:1      | Reached XP level 1. HP: 14/14 MP: 1/1
    50 | D:1      | Reached XP level 2. HP: 16/19 MP: 2/2
   566 | D:2      | Reached XP level 3. HP: 24/24 MP: 3/3
  1216 | D:3      | Noticed Sigmund
  1233 | D:3      | Killed Sigmund
  1234 | D:3      | Reached XP level 4. HP: 14/29 MP: 4/4
  1234 | D:3      | Reached XP level 5. HP: 16/33 MP: 5/5
  1270 | D:3      | Noticed Robin
  1277 | D:3      | Killed Robin
  1335 | D:3      | Reached XP level 6. HP: 18/38 MP: 6/6
  1615 | D:3      | Found a shadowy altar of Dithmenos.
  2198 | D:4      | Noticed Edmund
  2215 | D:4      | Killed Edmund
  2216 | D:4      | Reached skill level 1 in Evocations
  2263 | D:4      | Reached XP level 7. HP: 23/44 MP: 7/7
  2422 | D:4      | Gained mutation: You are dopey. (Int -2) [potion of
                  | mutation]
  2422 | D:4      | Gained mutation: You passively map a small area around you.
                  | [potion of mutation]
  2513 | D:4      | Reached skill level 5 in Axes
  3300 | D:5      | Entered Level 5 of the Dungeon
  3450 | D:5      | Reached skill level 5 in Armour
  3666 | D:5      | Found a sand-covered staircase.
  3714 | D:5      | Killed from afar by an orc priest

Illustrated notes

Levels and vault maps discovered:
D:1:      heliophobic_arrival_henge, layout_rooms
D:2:      layout_rooms, glass_columns_a, minmay_misc_feat_more_columns,
          kennysheep_flooded_box
D:3:      layout_rooms, grunt_dithmenos_smoke_and_mirrors, uniq_sigmund,
          uniq_robin
D:4:      layout_loops_ring, minmay_misc_feat_enclosed, uniq_edmund
D:5:      layout_cave_pods, general_overflow_altar,
          minmay_overflow_temple_star_quad, minmay_temple_entry_waves,
          enter_ossuary_3

Skill      XL: |  1  2  3  4  5  6  7 |
---------------+----------------------+-----
Axes           | 2 4 5 |  5.5
Fighting       | 4 |  4.8
Armour         | 4 5 |  5.2
Shields        | 4 |  4.4
Evocations     | 1 2 |  2.2

Action                   |  1- 3 |  4- 6 |  7- 9 || total
-------------------------+-------+-------+-------++-------
Melee: War axe           |   108 |    94 |    78 ||   280
  Use: Scroll            |     7 |     3 |     2 ||    12
       Potion            |     2 |       |     1 ||     3
Armor: Scale mail        |    63 |    57 |    87 ||   207
Dodge: Dodged            |    59 |    45 |    54 ||   158
Block: Buckler           |    21 |    22 |    20 ||    63

Table legend: (Time is in decaauts)
 A = Elapsed time spent in this place.
 B = Non-inter-level travel time spent in this place.
 C = Inter-level travel time spent in this place.
 D = Time resting spent in this place.
 E = Time spent auto-exploring this place.
 F = Levels seen in this place.
 G = Mean time per level.
                   A        B        C        D        E       F      G
               +--------+--------+--------+--------+--------+-----+--------+
         Total |   3811 |   3741 |     70 |    741 |   2133 |   5 |  762.2 |
       Dungeon |   3811 |   3741 |     70 |    741 |   2133 |   5 |  762.2 |
               +--------+--------+--------+--------+--------+-----+--------+

Top non-repeatable levels by time:
     D:4: 1380 daAuts
     D:3: 844 daAuts
     D:2: 652 daAuts
     D:1: 511 daAuts
     D:5: 422 daAuts
